 Dungeon Crawl Stone Soup version 0.22.1-5-g62c59d919a (webtiles) character file.

646 Honti the Digger (level 7, -1/40 HPs)
             Began as a Gargoyle Earth Elementalist on Jan 8, 2019.
             Killed by divine providence
             ... invoked by an orc priest
              (11 damage)
             ... on level 4 of the Dungeon.
             The game lasted 00:10:50 (4781 turns).

Honti the Digger (Gargoyle Earth Elementalist)      Turns: 4781, Time: 00:10:51

Health: -1/40      AC: 10    Str: 11    XL:     7   Next: 52%
Magic:  9/13       EV: 11    Int: 18    God:
Gold:   191        SH:  0    Dex: 10    Spells: 3/14 levels left

rFire    . . .     SeeInvis .   v - +2 falchion (flame)
rCold    . . .     Gourm    .   (no shield)
rNeg     + . .     Faith    .   r - +1 leather armour {rPois}
rPois    ∞         Spirit   .   w - +0 helmet
rElec    +         Reflect  .   (no cloak)
rCorr    .         Harm     .   s - +0 pair of gloves
MR       .....                  (no boots)
Stlth    ++........             (no amulet)
HPRegen  0.13/turn              (no ring)
MPRegen  0.13/turn              (no ring)

@: very slightly contaminated
A: negative energy resistance 1, electricity resistance, unbreathing,
petrification resistance, rot immunity, AC +4
a: no special abilities


You were on level 4 of the Dungeon.
You were not hungry.

You visited 1 branch of the dungeon, and saw 4 of its levels.

You collected 191 gold pieces.

Inventory:

Hand Weapons
 u - a +1 dagger of speed
 v - a +2 falchion of flaming (weapon)
Missiles
 b - 126 stones (quivered)
Armour
 c - a +0 robe
 r - a +1 leather armour of poison resistance (worn)
 s - a +0 pair of gloves (worn)
 w - a +0 helmet (worn)
Jewellery
 A - an uncursed ring of fire {unknown}
Scrolls
 f - 6 scrolls of identify {unknown}
 g - a scroll of enchant weapon {unknown}
 i - a scroll of magic mapping {unknown}
 j - 2 scrolls of immolation {unknown}
 k - 2 scrolls of amnesia {unknown}
 l - a scroll of fog {unknown}
 n - 5 scrolls of teleportation {unknown}
 x - a scroll of remove curse {unknown}
 y - a scroll of enchant armour {unknown}
Potions
 a - 2 potions of curing {unknown}
 e - a potion of might {unknown}
 h - a potion of invisibility {unknown}
 m - a potion of cancellation {unknown}
 o - a potion of magic {unknown}
 p - 2 potions of lignification {unknown}
 q - a potion of flight {unknown}
 z - a potion of degeneration {unknown}
Comestibles
 d - 7 rations
 t - 5 chunks of flesh


   Skills:
 + Level 2.3 Fighting
 - Level 1.5 Dodging
 - Level 2.1 Stealth
 + Level 4.0 Spellcasting
 * Level 2.9 Conjurations
 - Level 0.7 Transmutations
 * Level 7.8 Earth Magic


You had 3 spell levels left.
You knew the following spells:

 Your Spells              Type           Power        Failure   Level  Hunger
a - Sandblast             Erth           ####..       1%          1    None
b - Stone Arrow           Conj/Erth      ###...       6%          3    ###....
c - Passwall              Tmut/Erth      ###.....     4%          2    ##.....
d - Lee's Rapid Deconstr  Erth           ####......   22%         5    ######.

Your spell library contained the following spells:

 Spells                   Type           Power        Failure   Level  Hunger
 Petrify                  Tmut/Erth      ###.....     32%         4    ####...


Dungeon Overview and Level Annotations

Branches:
Dungeon (4/15)
 Temple: D:4-7

Altars:
Elyvilon
Gozag
Makhleb
Nemelex Xobeh
Sif Muna

Shops:
D:3 *


Innate Abilities, Weirdness & Mutations

You are resistant to torment.
Your stone body is resilient. (AC +4)
You are immune to poison.
You resist negative energy. (rN+)
You are resistant to electric shocks. (rElec)
You can survive without breathing.
You are immune to petrification.
You are immune to rotting.


Message History

Casting: Sandblast (safe; 1% risk of failure)
Confirm with . or Enter, or press ? or * to list all spells.
Aiming: Stone Arrow (safe; 6% risk of failure)
Press: ? - help, Shift-Dir - straight line, f/p - orc
Aim: an orc, wielding a flail and wearing a chain mail (severely wounded)
You miscast Stone Arrow.
You are very lightly contaminated with residual magic.
You feel a strange surge of energy! The orc hits you with a flail.
* * * LOW HITPOINT WARNING * * *
The orc priest looks braver for a moment.
You hit the orc but do no damage.
The orc is severely wounded.
The orc priest looks braver for a moment.
The orc hits you with a flail.
* * * LOW HITPOINT WARNING * * *
The orc priest calls upon Beogh to heal the orc.
The orc's wounds heal themselves!
The orc priest invokes the aid of Beogh against you.
Beogh smites you!
You die...

........##################
.........................#
.......###############.###
........# #.# ........#
#.# ........# #.#
........# #.#
........#.############.#
........#o.oo.o.@......#
#######.################
#......# #......# #......#
#......#
#...[..#################
#......'..............<#
#......#################


You could see 2 orc priests and 2 orcs.

Vanquished Creatures
  2 ogres (D:4)
  A phantom (D:4)
  A scorpion (D:4)
  A howler monkey (D:4)
  A quasit (D:3)
  3 worker ants (D:4)
  Robin (D:2)
  9 adders
  2 oozes
  An adder skeleton (D:4)
  A dart slug (D:3)
  6 leopard geckos
  3 orcs (D:4)
  6 bats
  3 giant cockroaches
  12 goblins
  14 hobgoblins
  7 jackals
  A quokka (D:3)
  9 frilled lizards
  8 kobolds
  A leopard gecko skeleton (D:4)
  11 rats
104 creatures vanquished.

Notes
Turn   | Place    | Note
-------+----------+-------------------------------------------
     0 | D:1      | Honti the Gargoyle Earth Elementalist began the quest for
                  | the Orb.
     0 | D:1      | Reached XP level 1. HP: 10/10 MP: 3/3
    93 | D:1      | Reached skill level 4 in Earth Magic
   150 | D:1      | Reached XP level 2. HP: 15/15 MP: 3/5
   426 | D:1      | Reached XP level 3. HP: 19/19 MP: 6/6
  1054 | D:2      | Found a burning altar of Makhleb.
  1105 | D:2      | Reached skill level 5 in Earth Magic
  1488 | D:2      | Reached XP level 4. HP: 22/24 MP: 5/8
  1584 | D:2      | You fall through a shaft!
  1584 | D:3      | Found a sparkling altar of Nemelex Xobeh.
  1610 | D:3      | Found an opulent altar of Gozag.
  1610 | D:3      | Found Gozag's Platinum Reserve.
  2838 | D:2      | Reached XP level 5. HP: 18/28 MP: 9/9
  2972 | D:2      | Reached skill level 6 in Earth Magic
  3023 | D:2      | Noticed Robin
  3070 | D:2      | Killed Robin
  3813 | D:4      | Reached XP level 6. HP: 23/33 MP: 5/11
  3994 | D:4      | Reached skill level 1 in Fighting
  4007 | D:4      | Learned a level 3 spell: Stone Arrow
  4010 | D:4      | Learned a level 2 spell: Passwall
  4016 | D:4      | Learned a level 5 spell: Lee's Rapid Deconstruction
  4082 | D:4      | Reached skill level 1 in Conjurations
  4082 | D:4      | Reached skill level 7 in Earth Magic
  4280 | D:4      | Noticed a phantom
  4285 | D:4      | Killed a phantom
  4285 | D:4      | Reached XP level 7. HP: 29/39 MP: 8/12
  4362 | D:4      | Found a white marble altar of Elyvilon.
  4595 | D:4      | Found a deep blue altar of Sif Muna.
  4781 | D:4      | Killed from afar by an orc priest

Skill      XL: |  1  2  3  4  5  6  7 |
---------------+----------------------+-----
Earth Magic    | 4 5 6 7 |  7.8
Spellcasting   | 3 4 |  4.0
Fighting       | 1 2 |  2.3
Conjurations   | 1 2 |  2.9
Dodging        | |  1.5
Stealth        | |  2.1
Transmutations | |  0.7

Action                   |  1- 3 |  4- 6 |  7- 9 || total
-------------------------+-------+-------+-------++-------
Melee: Unarmed           |     1 |       |       ||     1
       Hand axe          |    95 |    65 |       ||   160
       Dagger            |       |    99 |       ||    99
       Falchion          |       |    81 |    28 ||   109
 Cast: Sandblast         |    13 |    33 |     6 ||    52
       Stone Arrow       |       |     3 |     4 ||     7
 Stab: Sleeping          |     1 |       |       ||     1
       Distracted        |       |     1 |       ||     1
  Eat: Chunk             |     2 |    10 |     2 ||    14
Armor: Robe              |    38 |     7 |       ||    45
       Leather armour    |       |   211 |    14 ||   225
Dodge: Dodged            |    85 |   265 |    16 ||   366
       Rpst.: Falchion   |       |    16 |     5 ||    21
